AoeStats
← gabrielcarbajaln77

MegaRandom

510027762Analyzed
2v2 RM · 4d ago on Sep 29, 2026· 39m 35s· 4 players
Game mode
Random Map
Map size
Medium (4 player)
Population
200
Speed
Normal
Resources
Standard
Victory
Conquest
Starting age
Dark Age
Ending age
Imperial Age
RankedLock teamsTeams togetherTeam positionsShared explorationLock speedFull tech treeHidden civsTurbo modeCheats
Victory
Defeat
842
+13
🇺🇸 Khmer · United States
767
+16
🇺🇸 Varangians · United States
778
-30
🇵🇦 Muisca · Panama
760
-14
JOHN CHIMPO6346
9:13 Loom
11:08 Feudal Age
11:54 Double-Bit Axe
11:51 Horse Collar
15:55 Bloodlines
17:34 Forging
18:53 Wheelbarrow
18:13 Fletching
18:24 Scale Mail Armor
23:46 Castle Age
24:25 Padded Archer Armor
25:25 Crossbowman
30:39 Scale Barding Armor
33:55 Bow Saw
38:08 Iron Casting
Elcaifascefas
5:13 Loom
12:06 Feudal Age
12:13 Champi Runner
15:24 Forging
20:51 Castle Age
20:13 Horse Collar
20:20 Double-Bit Axe
20:40 Scale Mail Armor
20:57 Champi Warrior
22:19 Iron Casting
32:01 Imperial Age
35:43 Murder Holes
Clucking Bell Farms
4:12 Loom
8:50 Double-Bit Axe
9:43 Wheelbarrow
13:29 Gold Mining
15:17 Feudal Age
14:35 Gold Mining
16:15 Hand Cart
16:12 Bow Saw
16:00 Town Watch
21:07 Man-at-Arms
24:56 Arson
26:12 Gold Shaft Mining
25:28 Horse Collar
29:05 Fletching
29:16 Padded Archer Armor
31:26 Castle Age
31:31 Elite Skirmisher
31:46 Long Swordsman
32:23 Bodkin Arrow
32:06 Crossbowman
35:09 Town Patrol
39:23 Forging
39:14 Scale Mail Armor
gabrielcarbajaln77
3:49 Loom
10:43 Feudal Age
11:49 Double-Bit Axe
18:08 Castle Age
16:51 Stone Mining
25:40 Horse Collar
27:26 Wheelbarrow
28:49 Hand Cart
36:50 Forging
36:46 Scale Barding Armor
38:28 Iron Casting
39:11 Bow Saw
Connection lost

Rejoining the realm…

Still unreachable

The connection could not be restored.

Session expired

The server has moved on; the page needs a fresh start.